Map: [ESL] Gresvan

Players

Cham - Winner!

  • Race: Zerg Zerg
  • Spawn Location: 5:00

Erik

  • Race: Zerg Zerg
  • Spawn Location: 11:00

Event: ESL SC2 Masters 2023 Summer (Regionals)

VOD

Have the link to the VOD?

Description

Time

  • Played on: May 13, 2023, 2:08 p.m.
  • Length: 5:13

All games in this series

Show
View Real Time Build Order
Export as new Build Order

Cham Zerg - Winner!

Build Orders: Hatch First 

Get SALT Encoding   

  12  0:00  Drone  
  13  0:12  Overlord  
  13  0:17  Drone  
  14  0:31  Drone x2  
  16  0:49  Hatchery  
  15  0:50  Drone  
  15  0:55  Drone  
  17  1:08  Spawning Pool  
  17  1:10  Drone  
  17  1:12  Extractor  
  17  1:17  Drone  
  17  1:20  Drone  
  18  1:32  Drone  
  19  1:43  Overlord  
  19  1:51  Drone  
  20  1:57  Queen  
  20  2:00  Queen  
  24  2:01  Zergling x4  
  26  2:12  Zergling x2  
  26  2:13  Zergling x2  
  27  2:32  Metabolic Boost  
  27  2:44  Zergling x2  
  27  2:45  Zergling x2  
  27  2:49  Zergling x4  
  28  2:59  Zergling x4  
  27  3:06  Zergling x2  
  27  3:09  Zergling x2  
  27  3:10  Zergling x2  
  30  3:16  Zergling x2  
  31  3:22  Zergling x2  
  31  3:23  Zergling x2  
  31  3:30  Zergling x2  
  32  3:35  Baneling Nest  
  32  3:38  Zergling x2  
  31  3:43  Zergling x2  
  32  3:51  Zergling x4  
  32  3:53  Zergling x2  
  35  3:59  Zergling x2  
  36  4:03  Overlord  
  36  4:20  Baneling x4  
  36  4:24  Zergling x4  
  36  4:34  Zergling x2  
  35  4:46  Zergling x2  
  35  4:47  Zergling x2  
  33  4:53  Zergling x4  
Show
View Real Time Build Order
Export as new Build Order

Erik Zerg 

Build Orders: Pool First 

Get SALT Encoding   

  12  0:17  Spawning Pool  
  12  0:20  Extractor  
  10  0:23  Drone  
  11  0:29  Drone  
  11  0:35  Drone  
  13  0:44  Overlord  
  13  1:04  Zergling x4  
  13  1:07  Zergling x2  
  16  1:18  Zergling x2  
  17  1:21  Metabolic Boost  
  17  1:28  Zergling x2  
  18  1:39  Zergling x2  
  19  1:48  Hatchery  
  18  1:56  Zergling x2  
  19  2:05  Zergling x2  
  20  2:14  Zergling x2  
  21  2:23  Extractor, Queen  
  21  2:26  Overlord  
  23  2:51  Zergling x4  
  21  3:08  Zergling x6  
  21  3:11  Queen  
  25  3:16  Drone x2  
  27  3:22  Drone  
  27  3:26  Drone  
  27  3:31  Queen  
  27  3:33  Zergling x2  
  29  3:44  Zergling x6  
  31  3:52  Spine Crawler  
  29  4:00  Zergling x6  
  31  4:03  Zergling x2  
  32  4:10  Zergling x2  
  33  4:22  Zergling x4, Spine Crawler  
  34  4:29  Zergling x4  
  33  4:40  Zergling x6  
  33  4:51  Zergling x6  
  33  4:52  Zergling x2  
Tags
 
Add a new tag
Caveats
  • Supply blocks, unpowered buildings, or Contaminate may cause inaccurate times.
  • Supply counts are checked every 10 seconds.